 Dungeon Crawl Stone Soup version 0.29-a0-559-g359e09b9d1 (webtiles) character file.

Game seed: 11355885018688919156

162880 zeratav the Earth Mage (level 17, -14/162 HPs)
             Began as an Octopode Venom Mage on June 9, 2022.
             Was a High Priest of Vehumet.
             Shot with a bolt by a naga sharpshooter (25 damage)
             ... on level 4 of the Snake Pit.
             The game lasted 01:35:19 (36069 turns).

zeratav the Earth Mage (Octopode Venom Mage)       Turns: 36069, Time: 01:35:20

Health: -14/162    AC: 39    Str: 13    XL:     17   Next: 82%
Magic:  34/36      EV: 16    Int: 37    God:    Vehumet [*****.]
Gold:   2066       SH:  0    Dex: 13    Spells: 7/46 levels left

rFire   . . .      SeeInvis .     - Unarmed
rCold   . . .      Faith    .   (no shield)
rNeg    + . .      Spirit   .   (helmet restricted)
rPois   ∞          Reflect  .   M - amulet of magic regeneration {@e2}
rElec   +          Harm     .   h - +4 ring of protection
rCorr   .          Rampage  .   r - +6 ring of intelligence
Will    ++...      Rage     1%  C - +6 ring of strength
Stlth   +++.......              N - ring of willpower
HPRegen 0.37/turn               O - +4 ring of evasion
MPRegen 0.65/turn               Q - +4 ring of protection
                                U - +6 ring of intelligence
                                (no ring)

@: statue-form, invisible, very slow
A: slow and powerful, torment resistance 1, boosted hp, almost no armour,
amphibious, 8 rings, camouflage 1, (gelatinous body 1), (nimble swimmer 1),
tentacles, berserk 1
a: End Transformation, Renounce Religion


You were on level 4 of the Snake Pit.
You worshipped Vehumet.
Vehumet was extremely pleased with you.
You were a living statue of rough stone.
You visited 4 branches of the dungeon, and saw 26 of its levels.
You also visited: Bailey and Volcano.

You collected 2191 gold pieces.
You spent 125 gold pieces at shops.


Innate Abilities, Weirdness & Mutations

You are a living statue of rough stone.
Your actions are slow, but your melee attacks are powerful.
You are resistant to unholy torment.
Your maximum health is greatly increased.
You are immune to poison.
You cannot wear most types of armour.
You are amphibious.
You can wear up to eight rings at the same time.
Your skin changes colour to match your surroundings (Stealth+).
((Your rubbery body absorbs attacks. (AC +1, EV +1)))
((You are camouflaged when in or above water. (Stealth+)))
You have tentacles for arms and can constrict up to eight enemies at once.
You tend to lose your temper in combat.


   Skills:
 + Level 14.1 Fighting
 - Level 2.0 Dodging
 - Level 2.6 Stealth
 - Level 11.0 Unarmed Combat
 - Level 15.0 Spellcasting
 - Level 15.0 Transmutations
 - Level 15.0 Earth Magic
 - Level 6.5 Poison Magic


You had 7 spell levels left.
You knew the following spells:

 Your Spells              Type           Power      Damage    Failure   Level
a - Iron Shot             Conj/Erth      35%        9d7       2%          6
b - Olgreb's Toxic Radia  Pois           66%        N/A       1%          4
c - Irradiate             Conj/Tmut      35%        3d25      1%          5
d - Statue Form           Tmut/Erth      63%        N/A       1%          6
g - Yara's Violent Unrav  Hex/Tmut       35%        3d14      1%          5
h - Lee's Rapid Deconstr  Erth           47%        3d24*     1%          5
i - Lehudib's Crystal Sp  Conj/Erth      35%        10d9      65%         8

Your spell library contained the following spells:

 Spells                   Type           Power      Damage    Failure   Level
 Sandblast                Erth           100%       2d20      0%          1
 Sting                    Tmut/Pois      100%       1d8       0%          1
 Passwall                 Tmut/Erth      79%        N/A       0%          2
 Freeze                   Ice            100%       1d11      1%          1
 Magic Dart               Conj           100%       1d8       1%          1
 Call Imp                 Summ           27%        N/A       1%          2
 Poisonous Vapours        Pois/Air       100%       N/A       1%          2
 Searing Ray              Conj           54%        2d6       1%          2
 Dazzling Flash           Conj/Hex       54%        N/A       1%          3
 Frozen Ramparts          Ice            54%        1d7       1%          3
 Mephitic Cloud           Conj/Pois/Air  43%        N/A       1%          3
 Leda's Liquefaction      Hex/Erth       35%        N/A       1%          4
 Petrify                  Tmut/Erth      95%        N/A       1%          4
 Blade Hands              Tmut           47%        N/A       1%          5
 Portal Projectile        Hex/Tloc       54%        N/A       3%          3
 Tukima's Dance           Hex            27%        N/A       3%          3
 Hailstorm                Conj/Ice       27%        3d7       3%          4
 Metabolic Englaciation   Hex/Ice        13%        N/A       34%         5
 Silence                  Hex/Air        13%        N/A       34%         5
 Starburst                Conj/Fire      13%        6d6       43%         6
 Ozocubu's Refrigeration  Ice            13%        4d7       92%         7
 Ignition                 Fire           13%        3d6       100%        8

Inventory:

Hand Weapons
 s - the +4 great sword of Lies {speed, Str+5 Dex+2, long}
   (You found it on level 3 of the Dungeon)

   Attacks with this weapon are significantly faster.
   Str:       It affects your strength (+5).
   Dex:       It affects your dexterity (+2).
 H - a +0 double sword {longrare=g}
   (You found it on level 2 of the Lair of Beasts)
Armour
 E - a +0 tower shield
   (You found it on level 4 of the Lair of Beasts)
Jewellery
 h - a +4 ring of protection (left tentacle)
   (You found it on level 1 of the Dungeon)
 q - an amulet of faith {!P}
   (You found it on level 3 of the Dungeon)
 r - a +6 ring of intelligence (right tentacle)
   (You found it on level 3 of the Dungeon)
 B - a ring of ice
   (You found it on level 5 of the Lair of Beasts)
 C - a +6 ring of strength (on tentacle)
   (You found it on level 7 of the Dungeon)
 K - an amulet of regeneration {@e2}
   (You found it on level 3 of the Snake Pit)
 M - an amulet of magic regeneration (around mantle) {@e2}
   (You found it on level 5 of the Lair of Beasts)
 N - a ring of willpower (on tentacle)
   (You found it on level 5 of the Lair of Beasts)
 O - a +4 ring of evasion (on tentacle)
   (You found it on level 5 of the Lair of Beasts)
 Q - a +4 ring of protection (on tentacle)
   (You found it on level 5 of the Lair of Beasts)
 S - a ring of fire
   (You bought it in a shop on level 2 of the Orcish Mines)
 U - a +6 ring of intelligence (on tentacle)
   (You found it on level 11 of the Dungeon)
 V - an amulet of reflection
   (You found it on level 12 of the Dungeon)
Wands
 F - a wand of polymorph (15)
   (You found it on level 8 of the Dungeon)
 J - a wand of acid (5)
   (You found it on level 1 of the Lair of Beasts)
 P - a wand of digging (14)
   (You found it on level 6 of the Lair of Beasts)
 W - a wand of mindburst (15)
   (You found it on level 12 of the Dungeon)
 X - a wand of iceblast (6)
   (You found it on level 3 of the Snake Pit)
Scrolls
 c - 8 scrolls of amnesia
 d - 7 scrolls of identify {@r1}
 f - 8 scrolls of vulnerability {!r!r}
 j - 2 scrolls of fear
 m - 8 scrolls of magic mapping {!r}
 o - 2 scrolls of teleportation {@r4}
 p - 3 scrolls of brand weapon
 t - 6 scrolls of enchant weapon
 u - 5 scrolls of enchant armour
 x - 3 scrolls of poison {!r}
 y - 2 scrolls of fog
 I - 4 scrolls of immolation {!r!r}
 T - a scroll of summoning
 Y - a scroll of blinking {!r}
Potions
 a - 8 potions of magic
 b - 12 potions of curing {@q1}
 e - 4 potions of might
 g - a potion of lignification {unknown}
 i - 3 potions of heal wounds {@q2}
 k - 2 potions of ambrosia {unknown}
 l - 3 potions of attraction {unknown}
 n - 4 potions of haste {unknown}
 w - 5 potions of mutation {unknown}
 z - 5 potions of brilliance {unknown}
 A - 8 potions of cancellation {unknown}
 G - a potion of invisibility
 R - 3 potions of flight {unknown}
Miscellaneous
 D - a phantom mirror
   (You found it on level 3 of the Lair of Beasts)
 L - a phial of floods
   (You found it on level 4 of the Lair of Beasts)

Dungeon Overview and Level Annotations

Branches:
Dungeon (14/15)            Temple (0/1) D:6            Lair (6/6) D:8
 Shoals (0/4) Lair:4        Snake (4/4) Lair:2        Slime (0/5) Lair:6
    Orc (2/2) D:10            Elf (0/3) Orc:2        Vaults (0/5) D:13
 Bailey (visited)         Volcano (visited)

Altars:
Cheibriados
Dithmenos
Elyvilon
Fedhas
Hepliaklqana
Nemelex Xobeh
Okawaru
Qazlal
Vehumet
Wu Jian
Xom
Beogh
Jiyva

Shops:
D:7 (   Orc:2 **[[(   Snake:3 *=*(   Snake:4 :=:

Annotations:
D:5 Grinder
D:13 2 transporters, Buphadet's ghost, journeyman PaBe
Lair:3 1 runed translucent door, Taurus's ghost, journeyman MiFi
Lair:6 1 runed translucent door
Snake:4 Mlioglotl

..######..#......N....##.........
.........##....N#######...)_.....
##..........#..N.................
.##..####..N.N................^..
..#...##.....#...N...............
...#.........##.N................
............###..................
.....##....## #..................
.(.####....####.8................
#..###...........................
...#.............................
...........######................
.........### #.....#..........
........##♣♣♣♣♣ ##...###.......(.
......###♣♣P.P♣♣ ##.## #........
.....###♣♣..∩..♣♣##.## #......
.......#♣.∩...∩.♣#...## ##......


You could see 3 naga warriors and 2 naga sharpshooters.


Message History

The salamander throws a stone.
The stone barely misses you.
The naga sharpshooter casts a spell.
The naga sharpshooter magically shoots a bolt.
The bolt misses you.
HP[-2]
You take 2 damage, and now have 47/162 hp.
Read: 3 scrolls of fear
Press: ? - help, Q - select action, (/) - cycle Dir - look around, f - activate Look: a naga sharpshooter, wielding a +0 arbalest and wearing a +0 robe (almost dead, strong, catching its breath, chance to affect: 64%)
As you read the scroll of fear, it crumbles to dust.
You assume a fearsome visage.
The naga sharpshooter looks frightened!
The naga warrior looks frightened!
The naga ritualist looks frightened!
The naga warrior resists with almost no effort.
The naga warrior easily resists.
The salamander looks frightened!
You are no longer firmly anchored in space.
The naga warrior hits you but does no damage.
The naga warrior cries, "Mercy!"
The naga warrior closely misses you.
HP[+1]
The naga warrior roars a battlecry!
The naga warrior goes into a battle-frenzy!
HP[+1]
The naga warrior roars a battlecry!
The naga sharpshooter seems to regain its courage.
The naga warrior spits poison at you. The splash of poison misses you.
HP[+1]
Your transformation is almost over.
HP[+1] HP[+1]
The naga sharpshooter shouts!
The naga sharpshooter spits poison at you.
The splash of poison hits you but does no damage.
You resist.
The naga warrior no longer looks unusually strong.
The naga sharpshooter shoots a bolt.
The bolt hits you.
* * * LOW HITPOINT WARNING * * *
The naga sharpshooter shoots a bolt.
The bolt hits you.
* * * LOW HITPOINT WARNING * * *
HP[-7]
You take 7 damage, and now have 45/162 hp.
You revert to your normal fleshy form.
The naga sharpshooter spits poison at you.
The splash of poison misses you.
HP[-10]
You now have 125 max hp (-37).
The naga sharpshooter gestures wildly while chanting.
The naga sharpshooter magically shoots a bolt.
The bolt hits you!
* * * LOW HITPOINT WARNING * * *
HP[-9]
You take 9 damage, and now have 26/125 hp.
The naga warrior spits poison at you. The splash of poison hits you.
You are poisoned.
* * * LOW HITPOINT WARNING * * *
HP[-1]
You take 1 damage, and now have 25/125 hp.
Casting: Yara's Violent Unravelling (mildly dangerous; 1% risk of failure)
Confirm with . or Enter, or press ? or * to list all spells.
You turn into a living statue of rough stone.
The naga warrior roars a battlecry!
The nagas go into a battle-frenzy!
The naga warrior spits poison at you.
The splash of poison hits you but does no damage.
You resist.
HP[+7] MP[-6]
You now have 162 max hp (+37).
You regained 7 hp, and now have 32/162 hp.
You lost 6 mp, and now have 30/36 mp.
The naga sharpshooter shoots a bolt.
The bolt hits you!
* * * LOW HITPOINT WARNING * * *
The naga sharpshooter shoots a bolt.
The bolt barely misses you.
HP[-6] MP[+1]
You take 6 damage, and now have 26/162 hp.
The naga warrior roars a battlecry!
The naga warrior goes into a battle-frenzy!
The naga sharpshooter shoots a bolt.
The bolt completely misses you.
The naga sharpshooter shoots an arrow.
The arrow hits you but does no damage.
HP[+1] MP[+1]
You feel better.
The naga sharpshooter shoots a bolt.
The bolt completely misses you.
The naga sharpshooter gestures wildly while chanting.
The naga sharpshooter magically shoots an arrow.
The arrow misses you.
The naga sharpshooter shoots a bolt.
The bolt hits you!
* * * LOW HITPOINT WARNING * * *
The naga warrior spits poison at you.
The splash of poison hits you but does no damage.
You resist.
HP[-3] MP[+1]
You take 3 damage, and now have 24/162 hp.
You fade into invisibility!
The naga sharpshooter shoots an arrow.
The arrow hits you!
* * * LOW HITPOINT WARNING * * *
The naga sharpshooter gestures wildly while chanting.
The naga sharpshooter magically shoots a bolt.
The bolt hits you!!
You die...

Skill      XL: |  1  2  3  4  5  6  7  8  9 10 11 12 13 14 15 16 17 |
---------------+----------------------------------------------------+-----
Poison Magic   | 4 5 6 |  6.5
Spellcasting   | 3 4 5 6 10 11 14 15 | 15.0
Earth Magic    | 2 4 5 8 10 13 15 | 15.0
Transmutations | 5 10 13 15 | 15.0
Fighting       | 3 10 14 | 14.1
Unarmed Combat | 1 3 9 11 | 11.0
Dodging        | |  2.0
Stealth        | |  2.6

Action                   |  1- 3 |  4- 6 |  7- 9 | 10-12 | 13-15 | 16-18 || total
-------------------------+-------+-------+-------+-------+-------+-------++-------
Melee: Club              |     7 |       |       |       |       |       ||     7
       Constrict         |    15 |    16 |    15 |    47 |    90 |    40 ||   223
       Unarmed           |     2 |       |       |    33 |   587 |   338 ||   960
       Whip              |    43 |    45 |       |       |       |       ||    88
       Tentacles         |    13 |    15 |    16 |    77 |   194 |   101 ||   416
       Great sword       |       |    26 |    82 |   219 |       |       ||   327
       Punch             |       |     1 |       |     9 |    33 |    39 ||    82
 Cast: Sting             |    43 |     1 |       |       |       |       ||    44
       Olgreb's Toxic Ra |       |    11 |    38 |    65 |   164 |     8 ||   286
       Sandblast         |       |    19 |     9 |    11 |       |       ||    39
       Statue Form       |       |       |       |    46 |   101 |    52 ||   199
       Iron Shot         |       |       |       |       |     4 |    14 ||    18
       Irradiate         |       |       |       |       |    24 |    43 ||    67
       Yara's Violent Un |       |       |       |       |     3 |    10 ||    13
       Lee's Rapid Decon |       |       |       |       |       |     4 ||     4
Evoke: Phantom mirror    |       |       |       |       |     1 |       ||     1
  Use: Scroll            |       |       |    10 |     2 |    16 |     9 ||    37
       Potion            |       |       |       |     1 |     1 |     3 ||     5
 Stab: Sleeping          |     6 |     6 |     1 |     6 |     3 |     2 ||    24
Armor: Skin              |    14 |    11 |    21 |   346 |   800 |   465 ||  1657
Dodge: Dodged            |    36 |    42 |    57 |   302 |   813 |   566 ||  1816

Levels and vault maps discovered:
D:1:      dpeg_arrival_shrine, layout_rooms,
          shapermc_ecumenical_altar_mp_vishouse
D:2:      layout_rooms, basic_altar
D:3:      layout_loops_cross, mainiacjoe_overflow_chevrons,
          mainiacjoe_overflow_alcove_2, vehumet_statue,
          nicolae_wu_jian_wuxing_cycle, nicolae_overflow_ecumenical_swirl
D:4:      layout_gridville, kennysheep_decorative_pillar
D:5:      layout_basic, lemuel_crystal_altar, uniq_blork_the_orc, uniq_edmund,
          uniq_grinder, uniq_prince_ribbit1
D:6:      layout_basic, nicolae_overflow_hidden_temple,
          minmay_temple_entry_proselytizer, chequers_serial_rivers_marsh,
          minmay_misc_feat_secret_circle, grunt_ministairs_10, dk_noncrumbling_3
D:7:      layout_loops_ring, serial_shops, shop, enter_bailey_3,
          grunt_decor_one_mirror, minivault_1, uniq_maggie
D:8:      layout_basic, david_lair_shrubbed
D:9:      layout_loops_ring
D:10:     layout_rooms, minmay_orc_entry_guard_dogs
D:11:     layout_small_grid, xom_redecorated, uniq_maurice
D:12:     layout_cave_pools, lightli_church_of_beogh, uniq_rupert
D:13:     layout_cave_pools, erik_vaults_1, gammafunk_ghost_stat_death
D:14:     layout_gridville, kiku_gazebo_pond_becter, serial_shops, shop,
          minmay_increasing_density
Lair:1:   layout_hall_layers, enter_volcano_3, grunt_megastairs_1
Lair:2:   layout_long_grid, minmay_snake_entry_six_corridors,
          beast_lair_carwin_1
Lair:3:   layout_loops_ring, gammafunk_ghost_grave, worms_lemuel,
          infiniplex_staircase_pool_2, grunt_megastairs_2, lemuel_fruit_fields
Lair:4:   layout_layer_cave, minmay_shoals_entry_beasts
Lair:5:   layout_roguey, grunt_forest_stairs_basic, uniq_snorg
Lair:6:   grunt_lair_end_beastmaster, layout_small_grid, slime_altar_2,
          infiniplex_staircase_pool
Snake:1:  layout_layer_cave, basic_altar, lightli_airlock, grunt_megastairs_5
Snake:2:  layout_layer_cave
Snake:3:  layout_cave_town, evilmike_ambush [evilmike_ambush_outer_corners,
          evilmike_ambush_inner_basic], minmay_shoptagon, uniq_louise
Snake:4:  grunt_snake_rune_serpentine_throne, layout_layer_cave, basic_altar,
          minmay_shop_grove, uniq_vashnia, uniq_mlioglotl, uniq_roxanne
Orc:1:    layout_diamond_mine, serial_shops, nicolae_orc_tapped_out, uniq_erica
Orc:2:    st_orc_pillars, layout_diamond_mine, serial_shops,
          nicolae_shop_waterfront, uniq_erolcha

Notes
Turn   | Place    | Note
-------+----------+-------------------------------------------
     0 | D:1      | zeratav the Octopode Venom Mage began the quest for the
                  | Orb.
     0 | D:1      | Reached XP level 1. HP: 11/11 MP: 3/3
     0 | D:1      | magus.rc [v1.9.6]
   193 | D:1      | Reached skill level 4 in Poison Magic
   196 | D:1      | Reached XP level 2. HP: 10/17 MP: 0/5
   661 | D:1      | Reached XP level 3. HP: 21/21 MP: 1/6
   978 | D:1      | Found a faded altar of an unknown god.
  1386 | D:2      | HP: 5/21 [poisoned by a kobold]
  1389 | D:2      | HP: 2/21 [poisoned by a kobold]
  1678 | D:2      | Reached skill level 5 in Poison Magic
  1738 | D:2      | You fall into a shaft and drop 1 floor!
  1856 | D:2      | Reached XP level 4. HP: 27/27 MP: 1/8
  1990 | D:2      | Found a shimmering altar of Xom.
  2343 | D:3      | Found a radiant altar of Vehumet.
  2345 | D:3      | Noticed a charred statue
  2358 | D:3      | Became a worshipper of Vehumet
  2374 | D:3      | Killed a charred statue
  2375 | D:3      | Reached skill level 3 in Spellcasting
  2509 | D:3      | Found an ornate altar of the Wu Jian Council.
  2515 | D:3      | You pick up a book of Sloth and begin reading...
  2515 | D:3      | You add the spells Petrify, Metabolic Englaciation and
                  | Statue Form to your library.
  2518 | D:3      | Identified the +4 great sword of Lies {speed, Str+5 Dex+2}
  2657 | D:3      | Found a faded altar of an unknown god.
  2660 | D:3      | Found a shimmering altar of Xom.
  2702 | D:3      | Reached XP level 5. HP: 31/31 MP: 9/9
  2788 | D:3      | Found a shadowy altar of Dithmenos.
  2867 | D:3      | Found a hazy altar of Hepliaklqana.
  2913 | D:3      | Reached skill level 6 in Poison Magic
  3181 | D:3      | Learned a level 4 spell: Olgreb's Toxic Radiance
  3226 | D:4      | Reached skill level 1 in Earth Magic
  3426 | D:4      | Reached * piety under Vehumet
  3426 | D:4      | Offered knowledge of Sandblast by Vehumet.
  3427 | D:4      | Reached skill level 2 in Earth Magic
  3427 | D:4      | Reached XP level 6. HP: 22/36 MP: 1/10
  3734 | D:4      | Learned a level 1 spell: Sandblast
  3868 | D:4      | Reached skill level 3 in Earth Magic
  4033 | D:5      | Entered Level 5 of the Dungeon
  4181 | D:5      | Noticed a water moccasin
  4243 | D:5      | Noticed Blork the orc
  4376 | D:5      | Noticed Prince Ribbit
  4487 | D:5      | Killed Prince Ribbit
  4488 | D:5      | Reached skill level 4 in Spellcasting
  4488 | D:5      | Reached skill level 4 in Earth Magic
  4488 | D:5      | Reached XP level 7. HP: 31/41 MP: 2/13
  4592 | D:5      | Noticed Grinder
  4672 | D:5      | Found a white marble altar of Elyvilon.
  4905 | D:5      | Reached skill level 5 in Earth Magic
  4938 | D:5      | Reached skill level 5 in Spellcasting
  4938 | D:5      | Reached XP level 8. HP: 42/46 MP: 12/15
  5342 | D:5      | Killed Blork the orc
  5474 | D:6      | Reached skill level 6 in Earth Magic
  5496 | D:6      | Offered knowledge of Foxfire by Vehumet.
  5496 | D:6      | Reached ** piety under Vehumet
  5568 | D:6      | Found a staircase to the Ecumenical Temple.
  5575 | D:6      | Reached skill level 6 in Spellcasting
  6041 | D:6      | Reached skill level 7 in Earth Magic
  6538 | D:6      | Reached skill level 8 in Earth Magic
  6538 | D:6      | Reached XP level 9. HP: 51/51 MP: 12/18
  6821 | D:6      | Found a blossoming altar of Fedhas.
  6822 | D:6      | Found a sparkling altar of Nemelex Xobeh.
  6878 | D:6      | Found an iron altar of Okawaru.
  6879 | D:6      | Found a snail-covered altar of Cheibriados.
  7207 | D:7      | Reached skill level 9 in Earth Magic
  7373 | D:7      | Found Ocrez's Antique Weapon Shoppe.
  7516 | D:7      | Offered knowledge of Stone Arrow by Vehumet.
  7761 | D:7      | Found a flagged portal.
  7763 | D:7      | Reached *** piety under Vehumet
  7786 | Bailey   | Entered a bailey
  7798 | Bailey   | Reached skill level 10 in Earth Magic
  7798 | Bailey   | Reached skill level 2 in Transmutations
  7869 | Bailey   | Reached skill level 3 in Transmutations
  8001 | Bailey   | Reached skill level 4 in Transmutations
  8001 | Bailey   | Offered knowledge of Flame Wave by Vehumet.
  8005 | Bailey   | Reached skill level 5 in Transmutations
  8172 | Bailey   | Reached XP level 10. HP: 45/56 MP: 17/19
  8175 | Bailey   | Reached skill level 6 in Transmutations
  8187 | Bailey   | Noticed a vault guard
  8202 | Bailey   | HP: 2/56 [vault guard/+0 broad axe (22)]
  8225 | Bailey   | Killed a vault guard
  8226 | Bailey   | Reached skill level 7 in Transmutations
  8486 | Bailey   | Reached skill level 8 in Transmutations
  8667 | Bailey   | Noticed a vault guard
  8742 | Bailey   | Killed a vault guard
  8743 | Bailey   | Reached skill level 9 in Transmutations
  8923 | D:7      | Noticed Maggie
  8927 | D:7      | Killed Maggie
  9495 | D:8      | Reached **** piety under Vehumet
  9522 | D:8      | Reached skill level 10 in Transmutations
  9559 | D:8      | Learned a level 6 spell: Statue Form
  9570 | D:8      | Reached skill level 1 in Fighting
  9616 | D:8      | Found a staircase to the Lair.
  9630 | D:8      | Offered knowledge of Dazzling Flash by Vehumet.
  9631 | D:8      | Reached skill level 2 in Fighting
  9780 | D:8      | Reached skill level 3 in Fighting
  9780 | D:8      | Reached XP level 11. HP: 67/67 MP: 17/20
  9913 | D:8      | Reached skill level 4 in Fighting
 10296 | D:8      | Reached skill level 5 in Fighting
 11194 | D:9      | Reached skill level 6 in Fighting
 11689 | D:10     | Entered Level 10 of the Dungeon
 11714 | D:10     | Found a staircase to the Orcish Mines.
 12016 | D:10     | Reached skill level 7 in Fighting
 12211 | D:10     | Reached ***** piety under Vehumet
 12254 | D:10     | Reached skill level 8 in Fighting
 12258 | D:10     | Offered knowledge of Iron Shot by Vehumet.
 12267 | D:10     | Learned a level 6 spell: Iron Shot
 12677 | Lair:1   | Entered Level 1 of the Lair of Beasts
 12854 | Lair:1   | Reached skill level 9 in Fighting
 12858 | Lair:1   | Found a dark tunnel.
 12865 | Volcano  | Entered a volcano
 12968 | Volcano  | HP: 9/104 [something (24)]
 13759 | Volcano  | Found a burning altar of Makhleb.
 13759 | Volcano  | Noticed a hell hog
 13763 | Volcano  | Killed a hell hog
 13766 | Volcano  | Reached skill level 10 in Fighting
 13828 | Volcano  | Reached skill level 1 in Unarmed Combat
 13828 | Volcano  | Reached XP level 12. HP: 87/87 MP: 21/21
 13872 | Volcano  | Reached skill level 2 in Unarmed Combat
 14218 | Lair:1   | Reached skill level 3 in Unarmed Combat
 14230 | Lair:1   | Reached skill level 7 in Spellcasting
 14517 | Lair:1   | Reached skill level 8 in Spellcasting
 15233 | Lair:2   | Reached skill level 9 in Spellcasting
 15423 | Lair:2   | Offered knowledge of Lightning Bolt by Vehumet.
 15432 | Lair:2   | Found a staircase to the Snake Pit.
 15671 | Lair:2   | H - a +0 double sword {longrare=g}
 15688 | Lair:2   | Reached skill level 10 in Spellcasting
 15734 | Lair:2   | Noticed a five-headed hydra
 15744 | Lair:2   | Killed a five-headed hydra
 16011 | Lair:2   | Noticed a five-headed hydra
 16021 | Lair:2   | Killed a five-headed hydra
 16022 | Lair:2   | Reached XP level 13. HP: 90/92 MP: 27/27
 16301 | Lair:2   | Reached skill level 11 in Transmutations
 16301 | Lair:2   | Reached skill level 11 in Earth Magic
 17500 | Lair:3   | You pick up a book of Weapons and begin reading...
 17500 | Lair:3   | You add the spells Tukima's Dance, Portal Projectile and
                  | Blade Hands to your library.
 17548 | Lair:3   | You add the spells Magic Dart, Dazzling Flash, Silence and
                  | Starburst to your library.
 17548 | Lair:3   | Got the Reference Book on Feathery Confrontation
 17574 | Lair:3   | Found a runed translucent door.
 17574 | Lair:3   | Noticed Taurus's ghost (journeyman MiFi)
 18014 | Lair:4   | Found a staircase to the Shoals.
 18025 | Lair:4   | Reached skill level 12 in Transmutations
 18025 | Lair:4   | Reached skill level 12 in Earth Magic
 18448 | Lair:4   | HP: 23/119 [death yak (17)]
 18450 | Lair:4   | HP: 9/119 [death yak (15)]
 19451 | Lair:4   | Identified the +0 robe of the Skies Above {Rampage Will++
                  | rCorr}
 19669 | Lair:5   | Reached skill level 13 in Transmutations
 19669 | Lair:5   | Reached skill level 13 in Earth Magic
 19669 | Lair:5   | Reached XP level 14. HP: 76/99 MP: 28/28
 20047 | Lair:5   | You pick up a book of Frost and begin reading...
 20047 | Lair:5   | You add the spells Freeze, Frozen Ramparts and Hailstorm to
                  | your library.
 20243 | Lair:5   | Noticed Snorg
 20273 | Lair:5   | Killed Snorg
 20547 | Lair:6   | Entered Level 6 of the Lair of Beasts
 20586 | Lair:6   | You pick up a book of Sloth and begin reading...
 20655 | Lair:6   | Found a runed translucent door.
 20655 | Lair:6   | Found a viscous altar of Jiyva.
 20655 | Lair:6   | Found a staircase to the Slime Pits.
 20655 | Lair:6   | Noticed an acid blob
 20655 | Lair:6   | Noticed an acid blob
 20715 | Lair:6   | Offered knowledge of Irradiate by Vehumet.
 20733 | Lair:6   | Learned a level 5 spell: Irradiate
 21102 | Lair:6   | Reached skill level 14 in Earth Magic
 21105 | Lair:6   | Reached skill level 14 in Transmutations
 21188 | Lair:6   | Noticed a dire elephant
 21209 | Lair:6   | HP: 28/128 [deep troll shaman (15)]
 21623 | Lair:6   | Killed a dire elephant
 21735 | Lair:6   | You pick up a book of the Earth and begin reading...
 21735 | Lair:6   | You add the spells Leda's Liquefaction and Lee's Rapid
                  | Deconstruction to your library.
 22398 | Orc:1    | Entered Level 1 of the Orcish Mines
 22560 | Orc:1    | Noticed Erica
 22594 | Orc:1    | Killed Erica
 22629 | Orc:1    | Offered knowledge of Orb of Destruction by Vehumet.
 23356 | Orc:2    | Entered Level 2 of the Orcish Mines
 23411 | Orc:2    | Noticed Erolcha
 23442 | Orc:2    | Identified a +2 robe of the Archmagi
 23443 | Orc:2    | Killed Erolcha
 23451 | Orc:2    | Reached skill level 15 in Earth Magic
 23452 | Orc:2    | Reached skill level 15 in Transmutations
 23452 | Orc:2    | Reached XP level 15. HP: 48/103 MP: 29/29
 23813 | Orc:1    | HP: 28/133 [orc knight/+1 great mace of holy wrath (14)]
 23816 | Orc:1    | Reached skill level 4 in Unarmed Combat
 24406 | Orc:2    | Found Nob Hysi's Weapon Emporium.
 24418 | Orc:2    | Found a staircase to the Elven Halls.
 24438 | Orc:2    | Reached skill level 5 in Unarmed Combat
 24483 | Orc:2    | Offered knowledge of Yara's Violent Unravelling by Vehumet.
 24663 | Orc:1    | Learned a level 5 spell: Yara's Violent Unravelling
 24693 | Orc:2    | Reached skill level 6 in Unarmed Combat
 25011 | Orc:2    | Found Xosae's Armour Shoppe.
 25011 | Orc:2    | Found Hyblius's Assorted Antiques.
 25012 | Orc:2    | Found Hyxipsa's Armour Shoppe.
 25012 | Orc:2    | Found Imuphoa's Assorted Antiques.
 25021 | Orc:2    | Bought a runed steel ring for 125 gold pieces
 25751 | D:11     | You add the spells Searing Ray and Call Imp to your
                  | library.
 25751 | D:11     | Got Easy Sorcery
 26004 | D:11     | Reached skill level 7 in Unarmed Combat
 26245 | D:11     | Noticed Maurice
 26257 | D:11     | Killed Maurice
 26329 | D:11     | Found a shimmering altar of Xom.
 26330 | D:11     | Found a shimmering altar of Xom.
 26332 | D:11     | Found a shimmering altar of Xom.
 26333 | D:11     | Found a shimmering altar of Xom.
 26333 | D:11     | Found a shimmering altar of Xom.
 26685 | D:12     | Identified the +5 chain mail of the Slug {Regen+}
 26939 | D:12     | Found a runed translucent door.
 27047 | D:12     | Noticed Rupert
 27053 | D:12     | Paralysed by Rupert for 3 turns
 27065 | D:12     | Killed Rupert
 27066 | D:12     | Reached skill level 11 in Spellcasting
 27421 | D:12     | Paralysed by an orc sorcerer for 4 turns
 27430 | D:12     | Reached skill level 8 in Unarmed Combat
 27774 | D:13     | Found a transporter.
 27778 | D:13     | Noticed Buphadet's ghost (journeyman PaBe)
 27808 | D:13     | Found a transporter.
 28044 | D:13     | Found a gate to the Vaults.
 28573 | D:14     | Reached skill level 9 in Unarmed Combat
 28987 | Snake:1  | Entered Level 1 of the Snake Pit
 29032 | Snake:1  | Reached XP level 16. HP: 109/109 MP: 31/31
 29088 | Snake:1  | Reached skill level 12 in Spellcasting
 29517 | Snake:1  | Found a runed translucent door.
 29656 | Snake:1  | Found a stormy altar of Qazlal.
 29745 | Snake:1  | Gained mutation: You tend to lose your temper in combat.
                  | [you]
 29790 | Snake:1  | Offered knowledge of Spellforged Servitor by Vehumet.
 29797 | Snake:1  | Reached skill level 10 in Unarmed Combat
 30900 | Snake:2  | You pick up a book of Weapons and begin reading...
 31505 | Snake:2  | Reached skill level 11 in Unarmed Combat
 31505 | Snake:2  | Reached skill level 13 in Spellcasting
 31627 | Snake:2  | Noticed a nagaraja
 31635 | Snake:2  | Killed a nagaraja
 32001 | Snake:3  | Noticed a nagaraja
 32078 | Snake:2  | HP: 33/141 [shock serpent (3)]
 32374 | Snake:3  | Noticed Louise
 32378 | Snake:2  | Reached skill level 14 in Spellcasting
 32609 | Snake:3  | Killed a nagaraja
 32617 | Snake:2  | Killed Louise
 33209 | Snake:3  | Reached XP level 17. HP: 115/115 MP: 35/35
 33281 | Snake:3  | Reached skill level 15 in Spellcasting
 33406 | Snake:3  | Found Pofek's Assorted Antiques.
 33421 | Snake:3  | Found Uweoco's Antique Weapon Boutique.
 33421 | Snake:3  | Found Yxaresu's Assorted Antiques.
 33426 | Snake:3  | Found Ubiesam's Jewellery Shop.
 33449 | Snake:3  | Offered knowledge of Lehudib's Crystal Spear by Vehumet.
 34060 | Snake:4  | Entered Level 4 of the Snake Pit
 34086 | Snake:4  | Reached skill level 11 in Fighting
 34349 | Snake:4  | You add the spells Ozocubu's Refrigeration and Ignition to
                  | your library.
 34360 | Snake:4  | Identified Roxanne's Volume of the Mountains
 34360 | Snake:4  | Noticed Roxanne
 34369 | Snake:4  | Learned a level 5 spell: Lee's Rapid Deconstruction
 34373 | Snake:4  | Killed Roxanne
 34375 | Snake:4  | Reached skill level 12 in Fighting
 34391 | Snake:4  | Found Usaacsot's Book Shop.
 34391 | Snake:4  | Found Piufuen's Jewellery Shoppe.
 34545 | Snake:4  | Found Jirr's Book Shop.
 34573 | Snake:4  | Learned a level 8 spell: Lehudib's Crystal Spear
 34596 | Snake:4  | Noticed Vashnia
 34619 | Snake:4  | HP: 32/154 [something (7)]
 34745 | Snake:4  | Killed Vashnia
 34752 | Snake:4  | HP: 34/157 [naga sharpshooter/bolt[Vashnia] (20)]
 34758 | Snake:4  | HP: 31/157 [naga sharpshooter/bolt[Vashnia] (3)]
 34768 | Snake:4  | HP: 29/157 [naga sharpshooter/bolt[Vashnia] (7)]
 34779 | Snake:4  | HP: 14/157 [naga sharpshooter/bolt[Vashnia] (15)]
 35277 | Snake:4  | Reached skill level 13 in Fighting
 35666 | Snake:4  | Noticed Mlioglotl
 35839 | Snake:4  | Found a stormy altar of Qazlal.
 36038 | Snake:4  | Reached skill level 14 in Fighting
 36062 | Snake:4  | HP: 26/125 [naga sharpshooter/bolt (9)]
 36068 | Snake:4  | HP: 24/162 [naga sharpshooter/bolt (10)]
 36069 | Snake:4  | HP: 11/162 [naga sharpshooter/arrow (14)]
 36069 | Snake:4  | Shot with a bolt by a naga sharpshooter

Vanquished Creatures
  Vashnia (Snake:4)
  Rupert (D:12)
  Roxanne (Snake:4)
  8 nagarajas
  Louise (Snake:2)
  A dire elephant (Lair:6)
  Snorg (Lair:5)
  A salamander tyrant (Snake:4)
  2 vault guards (Bailey)
  Erolcha (Orc:2)
  9 hydras
  17 anacondas
  A centaur warrior (D:14)
  6 boulder beetles
  3 two-headed ogres
  A catoblepas (Lair:6)
  2 death knights
  Erica (Orc:1)
  10 naga warriors
  2 dancing weapons (D:13)
  10 death yaks
  A deep troll shaman (Lair:6)
  A hell hog (Volcano)
  6 orc high priests
  11 naga sharpshooters
  6 shock serpents
  2 skeletal warriors
  A fire crab (Volcano)
  3 salamander mystics
  13 orc knights
  9 naga ritualists
  A deep elf pyromancer (D:12)
  4 orc sorcerers
  18 mana vipers
  2 cyclopes
  2 manticores
  7 salamanders
  8 elephants
  5 guardian serpents
  2 molten gargoyles (Volcano)
  51 black mambas
  10 naga magi
  A torpor snail (Lair:1)
  Maurice (D:11)
  A gargoyle (D:13)
  9 cane toads
  Maggie (D:7)
  3 unseen horrors
  2 freezing wraiths (D:13)
  5 rime drakes
  A kobold demonologist (D:13)
  11 komodo dragons
  2 polar bears
  A wind drake (Lair:4)
  9 trolls
  4 slime creatures (D:13)
  Prince Ribbit (D:5)
  A hornet (D:8)
  17 blink frogs
  3 shadows
  47 yaks
  4 wyverns
  A spriggan (shapeshifter) (D:13)
  A wraith (D:13)
  2 steam dragons
  3 vampire mosquitoes (D:13)
  5 basilisks
  6 humans (Bailey)
  2 fire bats (Volcano)
  22 nagas
  7 wargs
  2 swamp worms (Lair:3)
  3 acid dragons
  22 water moccasins
  5 hell hounds
  An ice beast (D:7)
  33 orc warriors
  2 sky beasts
  5 black bears
  22 wolves
  9 ogres
  2 centaurs
  3 phantoms
  Blork the orc (D:5)
  27 bullfrogs
  2 necrophages
  A gnoll sergeant (D:10)
  A scorpion (D:5)
  9 wights
  14 killer bees
  3 howler monkeys
  4 lava snakes (Volcano)
  3 jellies
  A gnoll shaman (D:7)
  3 hounds
  32 orc priests
  2 iguanas (D:6)
  19 orc wizards
  A statue (D:3)
  14 gnolls
  10 adders
  2 white imps (D:6)
  An ufetubus (D:7)
  2 worms
  5 dart slugs
  104 orcs
  6 ball pythons
  5 bats
  9 endoplasms
  4 giant cockroaches
  10 goblins
  9 hobgoblins
  4 kobolds
  4 quokkas
  2 frilled lizards
  8 rats
  2 butterflies (Lair:3)
849 creatures vanquished.

Vanquished Creatures (others)
  An orc priest (Orc:2)
  An orc (D:12)
  32 fungi
  71 plants
  2 withered plants (Lair:3)
107 creatures vanquished.

Grand Total: 956 creatures vanquished

Table legend:
 A = Non-vault XP
 B = Vault XP
 C = Vault XP percentage of total XP
 D = Non-vault monster count
 E = Vault monster count
 F = Vault count percentage of total count
                 A         B        C        D         E       F
            +---------+---------+-------+---------+---------+-------
      Total |  142308 |   90379 |  38.8 |     598 |     251 |  29.6
            +---------+---------+-------+---------+---------+-------
        D:1 |      46 |       0 |   0.0 |      23 |       0 |   0.0
        D:2 |      84 |       0 |   0.0 |      27 |       0 |   0.0
        D:3 |      24 |      32 |  57.1 |       7 |       1 |  12.5
        D:4 |     241 |       0 |   0.0 |      23 |       0 |   0.0
        D:5 |     793 |     373 |  32.0 |      20 |       2 |   9.1
        D:6 |     948 |     181 |  16.0 |      33 |       3 |   8.3
        D:7 |     920 |     384 |  29.4 |      23 |       5 |  17.9
        D:8 |    1835 |     350 |  16.0 |      23 |       1 |   4.2
        D:9 |    1206 |       0 |   0.0 |      14 |       0 |   0.0
       D:10 |    2082 |     510 |  19.7 |      19 |       3 |  13.6
       D:11 |    3995 |     422 |   9.6 |      12 |       1 |   7.7
       D:12 |    5795 |    5054 |  46.6 |      17 |      15 |  46.9
       D:13 |    7070 |    1654 |  19.0 |      18 |       2 |  10.0
       D:14 |    1004 |    3294 |  76.6 |       2 |       4 |  66.7
     Lair:1 |    5088 |     821 |  13.9 |      23 |       4 |  14.8
     Lair:2 |    6259 |    4564 |  42.2 |      22 |      20 |  47.6
     Lair:3 |    7628 |     765 |   9.1 |      29 |       4 |  12.1
     Lair:4 |    9758 |     814 |   7.7 |      21 |       2 |   8.7
     Lair:5 |    5434 |     928 |  14.6 |      15 |       1 |   6.2
     Lair:6 |    6770 |    8924 |  56.9 |      22 |      18 |  45.0
    Snake:1 |   12199 |    6283 |  34.0 |      22 |      13 |  37.1
    Snake:2 |   13207 |    7437 |  36.0 |      23 |      11 |  32.4
    Snake:3 |   18640 |    6435 |  25.7 |      34 |      10 |  22.7
    Snake:4 |   21450 |   18854 |  46.8 |      40 |      19 |  32.2
      Orc:1 |    7198 |    1473 |  17.0 |      49 |       2 |   3.9
      Orc:2 |    2634 |   12763 |  82.9 |      37 |      67 |  64.4
     Bailey |       0 |    4379 | 100.0 |       0 |      29 | 100.0
    Volcano |       0 |    3685 | 100.0 |       0 |      14 | 100.0
            +---------+---------+-------+---------+---------+-------

Illustrated notes

Table legend:
 A = Kills in this place as a percentage of kills in entire the game.
 B = Kills by you in this place as a percentage of kills by you in the entire game.
 C = Kills by friends in this place as a percentage of kills by friends in the entire game.
 D = Other kills in this place as a percentage of other kills in the entire game.
 E = Experience gained in this place as a percentage of experience gained in the entire game.
 F = Experience gained in this place divided by the number of levels of this place that you have seen.
                   A       B       C       D       E      F
               +-------+-------+-------+-------+-------+----------------------
         Total | 100.0 | 100.0 |   N/A | 100.0 | 100.0 | 8310.2
       Dungeon |  35.1 |  35.1 |   N/A |  50.0 |  16.5 | 2735.5
          Lair |  21.3 |  21.4 |   N/A |   0.0 |  24.8 | 9625.5
     Snake Pit |  20.3 |  20.3 |   N/A |   0.0 |  44.9 | 26126.2
  Orcish Mines |  18.3 |  18.2 |   N/A |  50.0 |  10.3 | 12034.0
        Bailey |   3.4 |   3.4 |   N/A |   0.0 |   1.9 | 4379.0
       Volcano |   1.6 |   1.7 |   N/A |   0.0 |   1.6 | 3685.0
               +-------+-------+-------+-------+-------+----------------------

Table legend: (Time is in decaauts)
 A = Elapsed time spent in this place.
 B = Non-inter-level travel time spent in this place.
 C = Inter-level travel time spent in this place.
 D = Time resting spent in this place.
 E = Time spent auto-exploring this place.
 F = Levels seen in this place.
 G = Mean time per level.
                   A        B        C        D        E       F      G
               +--------+--------+--------+--------+--------+-----+--------+
         Total |  41095 |  39628 |   1467 |  14863 |  13969 |  28 | 1467.7 |
       Dungeon |  16495 |  15627 |    868 |   4557 |   6994 |  14 | 1178.2 |
          Lair |  10017 |   9687 |    330 |   4073 |   2739 |   6 | 1669.5 |
     Snake Pit |   8567 |   8377 |    190 |   3107 |   3076 |   4 | 2141.8 |
  Orcish Mines |   3449 |   3371 |     78 |   1531 |   1058 |   2 | 1724.5 |
        Bailey |   1117 |   1117 |      0 |    717 |     39 |   1 | 1117.0 |
       Volcano |   1448 |   1448 |      0 |    876 |     62 |   1 | 1448.0 |
               +--------+--------+--------+--------+--------+-----+--------+

Top non-repeatable levels by time:
 Snake:2: 2736 daAuts
 Snake:4: 2416 daAuts
 Snake:1: 2079 daAuts
   Orc:1: 2023 daAuts
     D:8: 1960 daAuts
  Lair:6: 1941 daAuts
  Lair:2: 1902 daAuts
  Lair:4: 1802 daAuts
     D:6: 1763 daAuts
  Lair:3: 1688 daAuts
  Lair:1: 1520 daAuts
     D:1: 1488 daAuts
 Volcano: 1448 daAuts
   Orc:2: 1426 daAuts
    D:12: 1384 daAuts
